 Dungeon Crawl Stone Soup version 0.17-a0-1718-g72dbe4d (webtiles) character file.

146 urechis the Slasher (level 5, 15/63 HPs)
             Began as a Demonspawn Berserker on Aug 24, 2015.
             Was a Believer of Trog.
             Quit the game on level 3 of the Dungeon.
             The game lasted 00:02:56 (2332 turns).

urechis the Slasher (Demonspawn Berserker)          Turns: 2332, Time: 00:02:56

Health: 15/63      AC:  3    Str: 23    XL:     5   Next: 7%
Magic:  5/5        EV: 12    Int:  8    God:    Trog [**....]
Gold:   72         SH:  0    Dex: 13    Spells: 0 memorised, 4 levels left

rFire  . . .     SeeInvis .     a - +0 falchion
rCold  . . .     Clarity  .     h - +0 leather armour
rNeg   . . .     SustAt   .     (no shield)
rPois  .         Gourm    .     (helmet restricted)
rElec  .         Spirit   .     (no cloak)
rCorr  .         Warding  .     (no gloves)
rMut   .         Stasis   .     (no boots)
MR     .....                    (no amulet)
Stlth  ..........               (no ring)
                                (no ring)

@: berserking (expiring), very quick, not resistant to hostile enchantments,
extremely unstealthy
A: antennae 1, powered by pain 2
a: Burn Spellbooks, Berserk, Trog's Hand, Renounce Religion


You were on level 3 of the Dungeon.
You worshipped Trog.
Trog was pleased with you.
You were not hungry.

You visited 1 branch of the dungeon, and saw 3 of its levels.

You collected 72 gold pieces.

Inventory:

Hand weapons
 a - a +0 falchion (weapon)
Armour
 h - a +0 leather armour (worn)
Jewellery
 j - a cursed amulet of rage {unknown}
Scrolls
 b - a scroll of remove curse {unknown}
 e - a scroll of fear {unknown}
 g - 3 scrolls of identify {unknown}
Potions
 f - a potion of lignification {unknown}
 i - a potion of brilliance {unknown}
Comestibles
 d - 3 beef jerkies


   Skills:
 + Level 4.1 Fighting
 * Level 4.5 Long Blades
 - Level 1.7 Armour
 - Level 1.7 Dodging


You had 4 spell levels left.
You didn't know any spells.

Dungeon Overview and Level Annotations

Branches:
Dungeon (3/15)

Altars:
Qazlal
Trog


Innate Abilities, Weirdness & Mutations

You have a pair of small antennae on your head.
You sometimes gain power by taking damage.


Message History

You slash urechis's ghost!
Urechis's ghost is heavily damaged.
You barely miss urechis's ghost.
Urechis's ghost is heavily damaged.
Urechis's ghost barely misses you.
You slash urechis's ghost!
Urechis's ghost is almost destroyed.
The worm moves out of view.
Urechis's ghost hits you.
* * * LOW HITPOINT WARNING * * *
You hit urechis's ghost.
Urechis's ghost is almost destroyed.
You slash urechis's ghost!
You destroy urechis's ghost!
Your Fighting skill increases to level 4!
Your Long Blades skill increases to level 4!
You have reached level 4!
You feel stronger.
Your demonic ancestry asserts itself...
A pair of antennae grows on your head!
You have reached level 5!
Are you sure you want to abandon this character and quit the game? (Confirm with "yes".)

#.....# ##### ##.....#
##...###......#
##†............#
#.._..##.......#
#.........##.##.#
#............##.#
#.........#####.#####.##
###.......# #.@†......
##...##.......##......
#...##.#.#.#.# .....
#.#.. .###..# .... ...#
..[ .#### .. #. . .


There were no monsters in sight!

Vanquished Creatures
  The ghost of urechis the Skirmisher, an average DsAK of Lugonu (D:3)
  An adder (D:2)
  An ooze (D:2)
  A worm (D:2)
  3 giant geckos
  2 bats (D:1)
  3 giant cockroaches
  8 hobgoblins
  4 giant newts (D:1)
  6 goblins (D:1)
  3 kobolds
  7 rats
40 creatures vanquished.

Notes
Turn   | Place    | Note
--------------------------------------------------------------
     0 | D:1      | urechis the Demonspawn Berserker began the quest for the Orb.
     0 | D:1      | Reached XP level 1. HP: 18/18 MP: 1/1
   479 | D:1      | Gained mutation: You sometimes gain a little power by taking damage. [demonic ancestry]
   479 | D:1      | Reached XP level 2. HP: 24/24 MP: 2/2
  1073 | D:1      | Acquired Trog's second power
  1443 | D:2      | Gained mutation: You sometimes gain power by taking damage. [demonic ancestry]
  1443 | D:2      | Reached XP level 3. HP: 27/29 MP: 3/3
  1972 | D:2      | Found a stormy altar of Qazlal.
  2295 | D:3      | Found a bloodstained altar of Trog.
  2315 | D:3      | Noticed urechis's ghost (average DsAK)
  2331 | D:3      | Killed urechis's ghost
  2331 | D:3      | Reached skill level 4 in Fighting
  2331 | D:3      | Gained mutation: You have a pair of small antennae on your head. [demonic ancestry]
  2331 | D:3      | Reached XP level 4. HP: 13/37 MP: 4/4
  2331 | D:3      | Reached XP level 5. HP: 14/42 MP: 5/5
  2332 | D:3      | Quit the game

Vault maps used:
D:1:      lemuel_arrival_river_ford
D:2:      grunt_qazlal_sundering, corner_web_ring
D:3:      bloody_trog, okawaru_metal_pillars_3, minitemple, uniq_natasha,
          uniq_crazy_yiuf_cottage, uniq_terence

Action                   |  1- 3 |  4- 6 || total
-------------------------+-------+-------++-------
Melee: Falchion          |   141 |       ||   141
Invok: Berserk           |     1 |       ||     1
  Eat: Chunk             |     3 |       ||     3
       Bread ration      |     1 |       ||     1
